 Dungeon Crawl Stone Soup version 0.17.1-1-g73c8601 (console) character file.

1873 Kloppie the Fighter (level 8, -6/78 HPs)
             Began as a White Draconian Fighter on Dec 17, 2015.
             Was a Believer of Makhleb.
             Mangled by a wolf (9 damage)
             ... led by Grum
             ... on level 8 of the Dungeon.
             The game lasted 00:12:54 (6652 turns).

Kloppie the Fighter (White Draconian Fighter)       Turns: 6652, Time: 00:12:54

Health: -6/78      AC: 12    Str: 30    XL:     8   Next: 91%
Magic:  8/8        EV: 10    Int:  9    God:    Makhleb [**....]
Gold:   351        SH: 10    Dex: 11    Spells: 0 memorised, 7 levels left

rFire  . . .     SeeInvis .     a - +0 flail
rCold  + . .     Clarity  .     (armour unavailable)
rNeg   . . .     SustAt   .     b - +0 shield
rPois  +         Gourm    .     (helmet restricted)
rElec  .         Spirit   .     D - +0 cloak {rPois}
rCorr  .         Warding  .     y - +2 pair of gloves
rMut   .         Stasis   .     m - +1 pair of boots
MR     +....                    (no amulet)
Stlth  +.........               I - +5 ring of strength
                                j - ring of protection from magic

@: mighty, short of breath, somewhat resistant to hostile enchantments, very
unstealthy
A: breathe frost, unfitting armour, cold resistance 1, cold-blooded, AC +6
a: Breathe Frost, Minor Destruction, Renounce Religion


You were on level 8 of the Dungeon.
You worshipped Makhleb.
Makhleb was pleased with you.
You were not hungry.

You visited 1 branch of the dungeon, and saw 8 of its levels.

You collected 399 gold pieces.
You spent 48 gold pieces at shops.

Inventory:

Hand Weapons
 a - a +0 flail (weapon)
Armour
 b - a +0 shield (worn)
 m - a +1 pair of boots (worn)
 y - a +2 pair of gloves (worn)
 D - a +0 cloak of poison resistance (worn)
Jewellery
 j - a ring of protection from magic (left hand)
 I - a +5 ring of strength (right hand)
Wands
 q - a wand of random effects (25)
 F - a wand of draining (12)
 G - a wand of lightning (6)
Scrolls
 c - 3 scrolls of remove curse
 h - 2 scrolls of teleportation {unknown}
 i - 2 scrolls of random uselessness {unknown}
 o - 2 scrolls of noise
 p - 2 scrolls of immolation {unknown}
 r - 2 scrolls of enchant weapon {unknown}
 t - 3 scrolls of magic mapping
 v - a scroll of enchant armour {unknown}
 x - a scroll of recharging {unknown}
 A - a scroll of fear {unknown}
 H - 2 scrolls of fog {unknown}
Potions
 e - 2 potions of brilliance
 g - a potion of ambrosia
 k - a potion of cancellation
 l - 4 potions of flight
 u - 2 potions of curing
 z - 2 potions of cure mutation
 B - a potion of invisibility {unknown}
 E - a potion of magic {unknown}
 L - 2 potions of resistance {unknown}
Comestibles
 d - 6 bread rations
 f - 2 meat rations
 n - a beef jerky
 w - 4 fruits


   Skills:
 + Level 9.5 Fighting
 + Level 8.4 Maces & Flails
 - Level 2.6 Dodging
 - Level 3.0 Shields


You had 7 spell levels left.
You didn't know any spells.

Dungeon Overview and Level Annotations

Branches:
Dungeon (8/15)             Temple (0/1) D:7
   Lair: D:8-11

Altars:
Fedhas
Makhleb
Okawaru
Ru
The Shining One

Shops:
D:7 !

Annotations:
D:5 Sigmund; TurboShoah's ghost, amateur GrGl
D:8 Grum


Innate Abilities, Weirdness & Mutations

You can breathe waves of freezing cold.
You can buffet flying creatures when you breathe cold.
Your icy white scales are hard (AC +6).
Your body does not fit into most forms of armour.
Your flesh is cold resistant.
You are cold-blooded and may be slowed by cold attacks.


Message History

The wolf is heavily wounded.
You block the wolf's attack. The wolf completely misses you.
The wolf bites you but does no damage. The wolf closely misses you.
You block the wolf's attack. The wolf bites you but does no damage.
The scorpion closely misses you.
You miss the wolf.
The wolf is heavily wounded.
The wolf bites you but does no damage. The wolf misses you.
The wolf bites you but does no damage. x3
You block the scorpion's attack. The wolf bites you but does no damage.
You closely miss the wolf.
Your tail-slap misses the wolf.
The wolf is heavily wounded.
The wolf bites you!
* * * LOW HITPOINT WARNING * * *
The wolf barely misses you. The wolf bites you but does no damage.
The wolf closely misses you. You block the wolf's attack.
The scorpion stings you!
* * * LOW HITPOINT WARNING * * *
The wolf bites you!
You die...

#..≈≈≈≈.≈≈≈≈≈..#
#..≈≈≈≈...).?..#
#........≈≈≈≈..#
#..≈≈≈≈≈.≈≈≈≈..#
##.≈≈≈≈≈.≈≈≈≈..#
#.≈≈≈≈≈†≈≈≈≈..#
#.≈≈≈≈Og≈h≈≈..#
#....hhs......#
###...@h......#
#############


You could see Grum, a two-headed ogre, 4 wolves and a scorpion.

Vanquished Creatures
  A hungry ghost (D:7)
  The ghost of Beholder179 the Poker, an amateur HuWn (D:3)
  2 ice beasts
  A centaur (D:6)
  4 ogres
  A big kobold (D:7)
  3 crimson imps
  A giant frog zombie (D:8)
  A jelly (D:6)
  A hound (D:4)
  4 orc priests
  4 worker ants
  2 iguanas
  3 iron imps (D:3)
  5 orc wizards
  A hound skeleton (D:7)
  4 gnolls (D:4)
  A shadow imp (D:6)
  10 adders
  An ooze (D:1)
  A worm (D:2)
  2 giant geckos
  36 orcs
  6 giant cockroaches
  9 goblins
  8 hobgoblins
  8 jackals
  4 bats
  4 giant newts
  15 kobolds
  A quokka (D:8)
  A quokka zombie (D:6)
  9 rats
155 creatures vanquished.

Vanquished Creatures (others)
  An adder (D:8)
1 creature vanquished.

Grand Total: 156 creatures vanquished

Notes
Turn   | Place    | Note
--------------------------------------------------------------
     0 | D:1      | Kloppie the Draconian Fighter began the quest for the Orb.
     0 | D:1      | Reached XP level 1. HP: 19/19 MP: 1/1
   137 | D:1      | Reached XP level 2. HP: 21/26 MP: 2/2
   801 | D:1      | Reached skill level 4 in Fighting
   849 | D:1      | Reached XP level 3. HP: 28/33 MP: 3/3
  1938 | D:3      | Noticed Beholder179's ghost (amateur HuWn)
  1980 | D:3      | Killed Beholder179's ghost
  1980 | D:3      | Reached skill level 5 in Fighting
  1980 | D:3      | Reached XP level 4. HP: 38/42 MP: 4/4
  1980 | D:3      | Reached XP level 5. HP: 43/48 MP: 5/5
  2053 | D:3      | Found a faded altar to an unknown god.
  2213 | D:3      | Reached XP level 6. HP: 18/57 MP: 6/6
  2478 | D:3      | Found a burning altar of Makhleb.
  2514 | D:3      | Reached skill level 5 in Maces & Flails
  2521 | D:3      | Reached skill level 6 in Fighting
  2530 | D:3      | Became a worshipper of Makhleb the Destroyer
  3460 | D:4      | Reached * piety under Makhleb
  3465 | D:4      | Your scales start taking on an icy white colour.
  3465 | D:4      | Gained mutation: Your flesh is cold resistant. [White Draconian growth]
  3465 | D:4      | Reached XP level 7. HP: 26/64 MP: 7/7
  3798 | D:4      | Reached skill level 7 in Fighting
  4243 | D:5      | Entered Level 5 of the Dungeon
  4247 | D:5      | Noticed TurboShoah's ghost (amateur GrGl)
  4252 | D:5      | Noticed Sigmund
  4644 | D:6      | Reached XP level 8. HP: 74/74 MP: 8/8
  4676 | D:6      | Reached ** piety under Makhleb
  4690 | D:6      | Reached skill level 8 in Fighting
  5422 | D:7      | Found Loiko's Distillery.
  5425 | D:7      | Bought a potion of might for 48 gold pieces
  5439 | D:7      | Found a staircase to the Ecumenical Temple.
  5487 | D:7      | Found a sacrificial altar of Ru.
  5676 | D:7      | Found a glowing golden altar of the Shining One.
  5951 | D:7      | Reached skill level 9 in Fighting
  6346 | D:8      | Found an iron altar of Okawaru.
  6550 | D:8      | Found a blossoming altar of Fedhas.
  6631 | D:8      | Noticed a two-headed ogre
  6632 | D:8      | Noticed Grum
  6652 | D:8      | HP: 3/78 [scorpion (10)]
  6652 | D:8      | Mangled by a wolf

Action                   |  1- 3 |  4- 6 |  7- 9 || total
-------------------------+-------+-------+-------++-------
Melee: Flail             |   106 |   161 |   293 ||   560
 Abil: Breathe Frost     |       |       |     4 ||     4
  Use: Potion            |     1 |     1 |     2 ||     4
       Scroll            |       |     5 |     6 ||    11
 Stab: Sleeping          |     1 |     1 |     1 ||     3
  Eat: Chunk             |     3 |     5 |    13 ||    21
       Beef jerky        |       |       |     1 ||     1
